cohdb
Replays
Latest Replays
All Replays
Popular Replays
Top Player Replays
Match Explorer
How It Works
Community
CoH3 Stats
Reddit
Sign in to upload your games and track your stats! →
Sign in with Steam
Match 43773342
Unlisted
Match 43773342
Overview
Messages
Build Orders
End
Panzergrenadier Squad
Selects Battlefield Espionage Battlegroup
250 Light Carrier
Panzergrenadier Squad
Construct Light Support Kompanie
Selects Intel Disruption Beacon
MG34 Team
2.5-tonne Medical Truck
Selects 250/3 Funkpanzerwagen
Panzerjäger Squad
Fire Support Elements
Flakvierling Half-track
Pak 38 Anti-tank Gun Team
Selects Advanced Ambush Training
Forward Retreat Point
Selects Plunder
Selects Firestorm
Firestorm
Pak 38 Mechanized Group
Construct Panzerarmee Kommand
Walking Stuka Rocket Launcher
Selects Operation Skorpion
Flak 36 Anti-tank Gun Team
Panzerjäger Squad
sigounet
King Raptor
SuperAnchovy
TiboZ
The Wolf, Duc Volpe
Alekel
NoCommentary
Keow
0
0
Comments
sign in to comment!
No comments posted yet!